 Dungeon Crawl Stone Soup version 0.21-a0-352-g5b8f553 (webtiles) character file.

44 Dfrag the Firebug (level 3, -2/36 HPs)
             Began as a Demonspawn Fire Elementalist on Oct 12, 2017.
             Slain by an orc priest
             ... wielding a +0 hand axe of pain
              (3 damage)
             ... on level 3 of the Dungeon.
             The game lasted 00:02:04 (1120 turns).

Dfrag the Firebug (Demonspawn Fire Elementalist)    Turns: 1120, Time: 00:02:04

Health: -2/36      AC:  2    Str: 13    XL:     3   Next: 41%
Magic:  1/6        EV: 12    Int: 17    God:
Gold:   82         SH:  0    Dex: 13    Spells: 6/7 levels left

rFire    . . .     SeeInvis .   s - +0 blowgun
rCold    . . .     Gourm    .   (no shield)
rNeg     . . .     Faith    .   a - +0 robe
rPois    .         Spirit   .   (no helmet)
rElec    .         Reflect  .   (no cloak)
rCorr    .         Harm     .   (no gloves)
MR       .....                  (no boots)
Stlth    ..........             (no amulet)
HPRegen  0.12/turn              (no ring)
MPRegen  0.10/turn              (no ring)

@: berserking, lethally poisoned (-2 -> -3), very quick
A: claws 1, powered by death 1
a: no special abilities


You were on level 3 of the Dungeon.
You were not hungry.

You visited 1 branch of the dungeon, and saw 3 of its levels.

You collected 82 gold pieces.

Inventory:

Hand Weapons
 s - a +0 blowgun (weapon)
Missiles
 t - 4 poisoned needles (quivered)
Armour
 a - a +0 robe (worn)
Scrolls
 d - a scroll of fear {unknown}
 h - a scroll of fog {unknown}
 k - a scroll of enchant weapon {unknown}
 l - 3 scrolls of identify {unknown}
 p - a scroll of remove curse {unknown}
 r - a scroll of teleportation {unknown}
Potions
 e - a potion of curing {unknown}
 f - a potion of ambrosia {unknown}
 j - a potion of flight {unknown}
 o - a potion of berserk rage
 q - a potion of magic {unknown}
Books
 b - a book of Flames

   Spells                             Type                      Level
   a - Flame Tongue                   Conjuration/Fire             1
   b - Throw Flame                    Conjuration/Fire             2
   c - Conjure Flame                  Conjuration/Fire             3
   d - Inner Flame                    Hexes/Fire                   3
   e - Sticky Flame                   Conjuration/Fire             4
   f - Fireball                       Conjuration/Fire             5
Comestibles
 c - 2 bread rations
 g - a royal jelly
 i - 2 meat rations
 m - 2 fruits
 n - 6 chunks of flesh


   Skills:
 - Level 1.7 Dodging
 - Level 1.7 Stealth
 + Level 2.5 Spellcasting
 + Level 2.1 Conjurations
 + Level 3.2 Fire Magic


You had 6 spell levels left.
You knew the following spells:

 Your Spells              Type           Power        Failure   Level  Hunger
a - Flame Tongue          Conj/Fire      ##...        6%          1    #......


Dungeon Overview and Level Annotations

Branches:
Dungeon (2/15)

Altars:


Innate Abilities, Weirdness & Mutations

You have sharp fingernails.
You regenerate a little health from kills.


Message History

Aim: an orc wizard, wielding a dagger of flaming and wearing a robe (heavily wounded, fast, poisoned)
You shoot a poisoned needle.
The poisoned needle hits the orc wizard.
The orc wizard looks even sicker.
The orc wizard is heavily wounded.
* * * LOW HITPOINT WARNING * * *
You feel sick.
The orc wizard gestures wildly while chanting.
The orc wizard flickers and vanishes!
Deactivating autopickup; reactivate with Ctrl-A.
The orc wizard mumbles some strange words.
The orc wizard blinks!
Unknown command.
It was a potion of berserk rage.
A red film seems to cover your vision as you go berserk!
You feel yourself moving faster!
You feel mighty!
The orc priest hits you with a hand axe of pain.
* * * LOW HITPOINT WARNING * * *
You writhe in agony.
You die...

#.# ... #.
#.# . #.# .
#.# .### #.#
#.. #.# #o#
#.#########(#
#...(..o(.o@#
#############


You could see an orc priest, an orc wizard and an orc.

Vanquished Creatures
  2 oozes
  3 worms (D:2)
  A dart slug (D:2)
  3 bats (D:1)
  6 goblins (D:1)
  A hobgoblin (D:2)
  2 frilled lizards (D:1)
  7 kobolds
  A rat (D:1)
26 creatures vanquished.

Notes
Turn   | Place    | Note
-------+----------+-------------------------------------------
     0 | D:1      | Dfrag the Demonspawn Fire Elementalist began the quest for the Orb.
     0 | D:1      | Reached XP level 1. HP: 13/13 MP: 3/3
   177 | D:1      | Gained mutation: You have sharp fingernails. [demonic ancestry]
   177 | D:1      | Reached XP level 2. HP: 16/19 MP: 0/5
   523 | D:1      | Reached skill level 3 in Fire Magic
   941 | D:2      | Gained mutation: You regenerate a little health from kills. [demonic ancestry]
   941 | D:2      | Reached XP level 3. HP: 21/24 MP: 0/6
  1094 | D:2      | You fall through a shaft!
  1120 | D:3      | HP: 1/36 [orc priest/hand axe of pain (3)]
  1120 | D:3      | Slain by an orc priest

Vault maps used:
D:1:      ncdulo_halloftheorcs
D:3:      lemuel_doored_altar, first_bread, minmay_misc_feat_pillars

Skill      XL: |  1  2  3 |
---------------+----------+-----
Fire Magic     | 3 |  3.2
Conjurations   | 2 |  2.1
Dodging        | |  1.7
Stealth        | |  1.7
Spellcasting   | |  2.5

Action                   || total
-------------------------++-------
Melee: Unarmed           ||    48
       Blowgun           ||     1
 Fire: Blowgun           ||     4
 Cast: Flame Tongue      ||    52
  Use: Potion            ||     1
  Eat: Chunk             ||     1
Armor: Robe              ||     9
Dodge: Dodged            ||    36

Table legend:
 A = Spawn XP
 B = Non-spawn XP
 C = Spawn XP percentage of total XP
 D = Spawn monster count
 E = Non-spawn monster count
 F = Spawn count percentage of total count
 G = Total turns spent on level
                    A         B        C        D         E        F      G
               +---------+---------+-------+---------+---------+-------+---------
         Total |       0 |      64 |   0.0 |       0 |      26 |   0.0 |  1120
               +---------+---------+-------+---------+---------+-------+---------
           D:1 |       0 |      34 |   0.0 |       0 |      19 |   0.0 |   897
           D:2 |       0 |      28 |   0.0 |       0 |       6 |   0.0 |   197
           D:3 |       0 |       2 |   0.0 |       0 |       1 |   0.0 |    26
               +---------+---------+-------+---------+---------+-------+---------
